 Dungeon Crawl Stone Soup version 0.31-a0-344-gd109795599 (webtiles) character file.

Game seed: 17728783859211100890

139641 speeeev the Warrior (level 16, -2/162 HPs)
             Began as a Minotaur Berserker on July 21, 2023.
             Was the Champion of Trog.
             Slain by a salamander
             ... wielding a +0 trident
              (3 damage)
             ... on level 2 of the Snake Pit on July 22, 2023.
             The game lasted 01:03:42 (30851 turns).

speeeev the Warrior (Minotaur Berserker)           Turns: 30851, Time: 01:03:42

Health: -2/162     AC: 29    Str: 32    XL:     16   Next: 74%
Magic:  15/15      EV:  6    Int:  6    God:    Trog [******]
Gold:   1994       SH: 21    Dex: 10    Spells: 15/15 levels left

rFire   + + .        c - +2 broad axe (venom)
rCold   + + .        R - +2 shield of Resistance {rF++ rC++ Will++}
rNeg    + . .        L - +0 plate armour of the Manifold Wishes {Str+2 Int+2 SInv Stlth+}
rPois   +            (helmet restricted)
rElec   .            q - +2 cloak
rCorr   .            f - +2 pair of gloves
SInv    +            o - +1 pair of boots
Will    +++..        M - amulet of reflection Stlth
                     l - ring of poison resistance
HPRegen 0.47/turn    e - ring of positive energy
MPRegen 0.14/turn

%: reflection
@: lethally poisoned (-2 -> -16), constricted
A: horns 2, retaliatory headbutt
a: Renounce Religion, Berserk, Trog's Hand, Brothers in Arms


You were on level 2 of the Snake Pit.
You worshipped Trog.
Trog was exalted by your worship.
You visited 4 branches of the dungeon, and saw 24 of its levels.
You visited 1 bazaar.
You also visited: Sewer, Bailey and Ice Cave.

You collected 4109 gold pieces.
You spent 2115 gold pieces at shops.

Inventory:

Hand Weapons
 c - a +2 broad axe of venom (weapon)
 s - a +3 morningstar
Missiles
 g - 6 throwing nets (quivered)
Armour
 f - a +2 pair of gloves (worn)
 o - a +1 pair of boots (worn)
 q - a +2 cloak (worn)
 G - a +0 plate armour of cold resistance
 L - the +0 plate armour of the Manifold Wishes (worn) {Str+2 Int+2 SInv Stlth+}
   (You found it on level 5 of the Lair of Beasts)

   Str:       It affects your strength (+2).
   Int:       It affects your intelligence (+2).
   SInv:      It lets you see invisible.
   Stlth:     It makes you more stealthy.
 N - a scarf of resistance
 R - the +2 shield of Resistance (worn) {rF++ rC++ Will++}
   (You bought it in a shop on level 2 of the Orcish Mines)

   rF:        It greatly protects you from fire.
   rC:        It greatly protects you from cold.
   Will:      It greatly increases your willpower.
Jewellery
 e - a ring of positive energy (right hand)
 l - a ring of poison resistance (left hand)
 n - a ring of protection from cold
 B - a ring of see invisible
 M - an amulet of reflection (around neck)
Wands
 b - a wand of flame (26)
 m - a wand of paralysis (42)
 I - a wand of roots (8)
Scrolls
 h - a scroll of revelation
 k - 7 scrolls of teleportation
 p - 4 scrolls of enchant weapon
 u - 2 scrolls of fog
 v - 2 scrolls of torment
 y - 2 scrolls of silence
 A - 4 scrolls of fear
 C - 4 scrolls of amnesia
 E - a scroll of vulnerability
 J - a scroll of poison
 K - 5 scrolls of identify
 O - a scroll of enchant armour
 P - a scroll of butterflies
Potions
 a - 6 potions of brilliance
 d - 6 potions of mutation
 i - a potion of resistance
 j - a potion of invisibility
 r - 4 potions of berserk rage
 t - a potion of attraction
 w - 3 potions of lignification
 x - 7 potions of curing
 z - 5 potions of magic
 D - 3 potions of might
 F - 2 potions of ambrosia
 Q - a potion of enlightenment


   Skills:
 + Level 19.9 Fighting
 - Level 14.0 Axes
 + Level 19.7 Armour
 - Level 2.1 Dodging
 + Level 19.4 Shields


You had 15 spell levels left.
You didn't know any spells.
Your spell library was empty.

Dungeon Overview and Level Annotations

Branches:
Dungeon (15/15)            Temple (0/1) D:5            Lair (5/5) D:9
  Swamp (0/4) Lair:2        Snake (2/4) Lair:2        Slime (0/5) Lair:4
    Orc (2/2) D:10            Elf (0/3) Orc:2        Vaults (0/5) D:13
 Depths (0/4) D:15          Sewer (visited)          Bailey (visited)
  IceCv (visited)

Altars:
Ashenzari
Fedhas
Gozag
Kikubaaqudgha
Nemelex Xobeh
Okawaru
Qazlal
Ru
Wu Jian

Shops:
D:5 :   D:11 *   D:15 ?   Orc:1 (   Orc:2 ?[[[   Snake:1 !

Annotations:
D:10 1 runed translucent door


Innate Abilities, Weirdness & Mutations

You have a pair of horns on your head.
You reflexively headbutt those who attack you in melee.


Message History

The naga warrior is moderately wounded.
You hit the black mamba but do no damage.
You barely miss the black mamba. You slash the salamander!
The salamander looks as sick as possible!
You feel sick. You block the black mamba's attack.
The black mamba bites you but does no damage.
You block the salamander's attack.
The naga warrior hits you with a +0 glaive!
The naga warrior constricts you.
The naga sharpshooter spits poison at you.
The splash of poison hits you but does no damage.
You are more poisoned.
You resist. You block the black mamba's attack. The black mamba bites you!
The naga sharpshooter gestures wildly while chanting.
The naga sharpshooter magically shoots a bolt.
The bolt hits you!!
* * * LOW HITPOINT WARNING * * *
The naga hits you from afar with a +0 trident!
* * * LOW HITPOINT WARNING * * *
You barely miss the naga warrior.
The naga warrior is moderately wounded.
You slash the black mamba! You hit the black mamba.
You barely miss the salamander.
You feel very sick. You block the black mamba's attack.
The black mamba bites you but does no damage.
The naga warrior spits poison at you. The splash of poison hits you.
You are lethally poisoned!
You resist.
* * * LOW HITPOINT WARNING * * *
The naga warrior constricts you.
The salamander hits you with a +2 trident.
* * * LOW HITPOINT WARNING * * *
You are engulfed in flames.
You resist.
* * * LOW HITPOINT WARNING * * *
The salamander hits you from afar with a +0 trident.
* * * LOW HITPOINT WARNING * * *
You are engulfed in flames.
You resist.
You die...

#...# ..
####...#
.##......#
.........#
...#..#<.#
#...#..# #
#..#...##..#
#.S#)..#N..#
#NS@N..##...#
#.NNN#...#NN#.#
....NNN..$.##N#
# ......##N..#N
.. #.....
#...##.#..
#.#... ./..# #
. . #.. ....#
#.. ....#


You could see 2 nagarajas, a naga warrior (very poisoned, catching breath), 2
naga sharpshooters, 3 salamanders, 3 naga ritualists, 2 black mambas and 3
nagas.

Vanquished Creatures
  Roxanne (Snake:1)
  Aizul (Snake:1)
  Kirke (D:12)
  A quicksilver ooze (Lair:4)
  Azrael (D:13)
  Snorg (D:13)
  3 fire dragons
  Josephine (D:13)
  3 vault guards
  2 ice dragons
  Erolcha (D:11)
  A catoblepas (D:9)
  9 hydras
  4 ogre magi
  3 anacondas
  4 naga warriors (Snake:1)
  3 boulder beetles
  19 two-headed ogres
  4 centaur warriors
  3 tengu warriors
  10 death yaks
  5 naga sharpshooters (Snake:1)
  5 skeletal warriors (D:14)
  2 naga ritualists (Snake:1)
  A bog body (Lair:4)
  A harpy (D:9)
  2 necromancers
  A lindwurm (Lair:5)
  10 ugly things
  2 deep elf pyromancers (D:14)
  3 salamanders
  3 mana vipers (Snake:1)
  A manticore (D:13)
  2 orc sorcerers (Orc:2)
  5 cyclopes
  9 elephants (Lair:5)
  16 black mambas
  A guardian serpent (Snake:1)
  2 naga magi (Snake:1)
  An ice statue (IceCv)
  2 gargoyles
  6 torpor snails
  11 cane toads
  Maggie (Lair:1)
  2 efreet
  2 unseen horrors
  3 rime drakes (Lair:4)
  A kobold demonologist (D:12)
  13 komodo dragons
  2 freezing wraiths (IceCv)
  17 ice devils
  2 tengu conjurers
  4 tyrant leeches (Lair:5)
  16 polar bears
  8 hornets
  8 trolls
  3 meliai (D:14)
  21 blink frogs
  2 raiju (Lair:5)
  A spriggan (Lair:3)
  A shadow (D:11)
  6 slime creatures (Lair:4)
  7 wyverns
  5 basilisks
  4 dire elephant simulacra (IceCv)
  32 yaks
  5 wraiths (D:13)
  8 humans (Bailey)
  2 fire elementals (D:13)
  Eustachio (D:4)
  6 death yak simulacra
  10 vampire mosquitoes
  5 wargs
  11 water moccasins
  13 nagas
  17 hell hounds
  An acid dragon (D:12)
  5 ice beasts
  16 orc warriors
  2 sky beasts (D:7)
  A sky beast (shapeshifter) (D:15)
  14 black bears
  An elephant zombie (Lair:3)
  2 boggarts (D:14)
  20 wolves
  21 centaurs
  27 ogres
  Blork the orc (D:6)
  14 kobold brigands
  2 komodo dragon zombies (Lair:3)
  21 bullfrogs
  2 gnoll sergeants (D:9)
  3 scorpions
  5 cane toad simulacra (IceCv)
  2 two-headed ogre simulacra
  14 wights
  6 elephant simulacra
  3 vampire bats (D:3)
  7 electric eels
  4 howler monkeys
  A basilisk zombie (Lair:3)
  8 jellies
  14 orc priests
  Crazy Yiuf (D:3)
  2 hounds
  A sleepcap (D:7)
  4 iguanas
  15 orc wizards
  A spriggan simulacrum (IceCv)
  8 polar bear simulacra
  21 gnolls
  2 naga simulacra
  7 adders
  4 shadow imps
  6 white imps
  3 ufetubi
  A worm (D:2)
  A dart slug (D:2)
  43 orcs
  4 bat skeletons (D:3)
  2 bat zombies (D:3)
  6 endoplasms
  2 giant cockroaches
  19 goblins
  12 hobgoblins
  7 jackals
  51 kobolds
  4 quokkas
  5 ball pythons
  5 bats
  4 frilled lizards
  8 kobold skeletons (D:12)
  10 kobold zombies (D:12)
  4 rats
886 creatures vanquished.

Vanquished Creatures (collateral kills)
  2 hydras (Lair:2)
  2 tengu warriors (D:13)
  Lodul (D:13)
  Prince Ribbit (Bailey)
  2 swamp worms (Lair:2)
  6 ogres (D:13)
  An iguana (Lair:2)
15 creatures vanquished.

Vanquished Creatures (others)
  Nessos (D:12)
  A human (D:12)
  A black bear (shapeshifter) (D:13)
  A boggart (D:14)
  An orc wizard (D:10)
  A kobold (D:12)
6 creatures vanquished.

Grand Total: 907 creatures vanquished

Notes
Turn   | Place    | Note
-------+----------+-------------------------------------------
     0 | D:1      | speeeev the Minotaur Berserker began the quest for the Orb.
     0 | D:1      | Reached XP level 1. HP: 19/19 MP: 0/0
   114 | D:1      | Reached XP level 2. HP: 27/27 MP: 1/1
   321 | D:1      | Found a faded altar of an unknown god.
   636 | D:2      | Reached XP level 3. HP: 30/33 MP: 2/2
   730 | D:2      | Reached ** piety under Trog
   762 | D:2      | Found a sparkling altar of Nemelex Xobeh.
   769 | D:2      | Reached skill level 1 in Shields
   924 | D:2      | Reached XP level 4. HP: 41/41 MP: 3/3
  1747 | D:3      | Found a runed translucent door.
  1748 | D:3      | Noticed Crazy Yiuf
  1941 | D:3      | Found an opulent altar of Gozag.
  1949 | D:3      | Found a stormy altar of Qazlal.
  1949 | D:3      | Found a broken altar of Ashenzari.
  1954 | D:3      | Found a blossoming altar of Fedhas.
  2134 | D:3      | Found an ancient bone altar of Kikubaaqudgha.
  2139 | D:3      | Reached XP level 5. HP: 46/47 MP: 4/4
  2148 | D:3      | Reached skill level 5 in Fighting
  2149 | D:3      | Reached *** piety under Trog
  2150 | D:3      | Reached skill level 5 in Axes
  2260 | D:3      | Reached XP level 6. HP: 26/56 MP: 5/5
  2364 | D:3      | Found an iron altar of Okawaru.
  2611 | D:3      | Killed Crazy Yiuf
  2729 | D:4      | Noticed Eustachio
  2750 | D:4      | Killed Eustachio
  2751 | D:4      | Reached skill level 5 in Armour
  2751 | D:4      | Reached XP level 7. HP: 37/62 MP: 6/6
  3166 | D:4      | Found a glowing drain.
  3172 | Sewer    | Entered a sewer
  3531 | D:4      | Identified the +2 whip of the Tiger {pain, rElec Will-
                  | Int+3 SInv}
  3838 | D:5      | Entered Level 5 of the Dungeon
  3899 | D:5      | Found Jeotautaza's Book Emporium.
  4112 | D:5      | Identified a scroll of acquirement
  4112 | D:5      | Acquired a +2 heavy broad axe
  4267 | D:5      | Found a staircase to the Ecumenical Temple.
  4559 | D:6      | Reached skill level 5 in Shields
  4649 | D:5      | Reached XP level 8. HP: 45/71 MP: 7/7
  4743 | D:6      | Reached **** piety under Trog
  4835 | D:6      | Noticed Blork the orc
  4840 | D:6      | Killed Blork the orc
  5025 | D:6      | Reached XP level 9. HP: 25/80 MP: 8/8
  5596 | D:7      | Found a sacrificial altar of Ru.
  6627 | D:8      | Reached ***** piety under Trog
  6788 | D:8      | Found a flagged portal.
  6799 | Bailey   | Entered a bailey
  6811 | Bailey   | Reached XP level 10. HP: 88/91 MP: 9/9
  6947 | Bailey   | Noticed Prince Ribbit
  6947 | Bailey   | Noticed a vault guard
  6956 | Bailey   | Killed Prince Ribbit
  6960 | Bailey   | Killed a vault guard
  6961 | Bailey   | Reached skill level 10 in Fighting
  6961 | Bailey   | Reached skill level 10 in Axes
  7054 | Bailey   | Reached skill level 10 in Armour
  7091 | Bailey   | Noticed a vault guard
  7100 | Bailey   | Killed a vault guard
  8031 | D:8      | Noticed a tengu warrior
  8045 | D:8      | Killed a tengu warrior
  8046 | D:8      | Reached skill level 10 in Shields
  8046 | D:8      | Reached XP level 11. HP: 72/101 MP: 10/10
  8227 | D:8      | Noticed a green ugly thing
  8232 | D:8      | Killed a green ugly thing
  8654 | D:9      | Noticed a seven-headed hydra
  8914 | D:9      | Killed a seven-headed hydra
  8992 | D:9      | Identified the +5 trident "Yskeuvif" {heavy, rC++ Str+2}
  9102 | D:9      | Found a staircase to the Lair.
  9378 | D:9      | Noticed a harpy
  9389 | D:9      | Killed a harpy
  9444 | D:9      | Noticed a catoblepas
  9469 | D:9      | Killed a catoblepas
 10009 | D:10     | Entered Level 10 of the Dungeon
 10143 | D:10     | Found a staircase to the Orcish Mines.
 10628 | D:10     | Found a runed translucent door.
 10631 | D:10     | Noticed a fire crab
 10821 | Lair:1   | Entered Level 1 of the Lair of Beasts
 10875 | Lair:1   | Reached XP level 12. HP: 94/113 MP: 11/11
 11329 | Lair:1   | Noticed Maggie
 11335 | Lair:1   | Killed Maggie
 11778 | Lair:2   | Found a staircase to the Snake Pit.
 12441 | Lair:2   | Noticed a six-headed hydra
 12442 | Lair:2   | Noticed a six-headed hydra
 12453 | Lair:2   | Killed a seven-headed hydra
 12457 | Lair:2   | Killed a six-headed hydra
 12614 | Lair:2   | Found a staircase to the Swamp.
 13242 | Lair:3   | Noticed a boulder beetle
 13277 | Lair:3   | Killed a boulder beetle
 13386 | Lair:3   | Noticed a death yak
 13387 | Lair:3   | Noticed a death yak
 13403 | Lair:3   | Noticed a death yak
 13410 | Lair:3   | Killed a death yak
 13414 | Lair:3   | Killed a death yak
 13420 | Lair:3   | Killed a death yak
 13675 | Lair:3   | Noticed a five-headed hydra
 13707 | Lair:3   | Killed a five-headed hydra
 13708 | Lair:3   | Reached XP level 13. HP: 123/123 MP: 12/12
 15597 | Lair:4   | Found a staircase to the Slime Pits.
 15613 | Lair:4   | Received a gift from Trog
 16285 | Lair:4   | Noticed a quicksilver ooze
 16307 | Lair:4   | Killed a quicksilver ooze
 16881 | Lair:5   | Entered Level 5 of the Lair of Beasts
 16899 | Lair:4   | Reached skill level 15 in Fighting
 17097 | Lair:5   | Reached skill level 15 in Armour
 17392 | Lair:5   | Reached XP level 14. HP: 120/135 MP: 13/13
 17528 | Lair:5   | Reached skill level 15 in Shields
 18002 | Lair:5   | Identified the +0 plate armour of the Manifold Wishes
                  | {Str+2 Int+2 SInv Stlth+}
 18017 | Lair:5   | Reached ****** piety under Trog
 18264 | Lair:5   | Found a runed translucent door.
 18400 | Lair:5   | Paralysed by a hornet for 1 turns
 20291 | Orc:1    | Entered Level 1 of the Orcish Mines
 20291 | Orc:1    | Found Yromuppu's Antique Weapon Boutique.
 20398 | Orc:2    | Entered Level 2 of the Orcish Mines
 20467 | Orc:1    | Found a frozen archway.
 20516 | IceCv    | Entered an ice cave
 20958 | IceCv    | Found an ancient bone altar of Kikubaaqudgha.
 20976 | IceCv    | Identified the +6 battleaxe of Crawling {heavy, rC+} (Trog
                  | gifted it to you in an ice cave)
 20976 | IceCv    | Received a gift from Trog
 20988 | IceCv    | Reached XP level 15. HP: 60/147 MP: 14/14
 22220 | Orc:2    | Paralysed by an orc sorcerer for 3 turns
 22228 | Orc:2    | Paralysed by an orc sorcerer for 3 turns
 22306 | Orc:2    | Paralysed by an orc sorcerer for 4 turns
 22450 | Orc:2    | Identified the +9 spear of Infection {heavy, +Blink Str+5
                  | Int-2} (Trog gifted it to you on level 2 of the Orcish
                  | Mines)
 22450 | Orc:2    | Received a gift from Trog
 22540 | Orc:2    | Paralysed by an ogre mage for 4 turns
 22658 | Orc:2    | HP: 4/149 [two-headed ogre/+0 giant spiked club (14)]
 22683 | Orc:2    | Found a staircase to the Elven Halls.
 23377 | Orc:2    | Found Kaic's Magic Scroll Boutique.
 23377 | Orc:2    | Found Siynn's Armour Emporium.
 23378 | Orc:2    | Found Haff's Antique Armour Emporium.
 23378 | Orc:2    | Found Soemunus's Armour Shop.
 23798 | D:11     | Noticed Erolcha
 23804 | D:11     | Killed Erolcha
 23821 | D:11     | Identified the +0 chain mail "Letefic" {Rampage rC- rN+++
                  | Str+2}
 23896 | D:11     | Found Rawiow's Assorted Antiques.
 24229 | D:12     | Noticed Kirke
 24239 | D:12     | Noticed a sphinx
 24239 | D:12     | Killed Kirke
 24385 | D:12     | Received a gift from Trog
 24393 | D:12     | Found an ancient bone altar of Kikubaaqudgha.
 24393 | D:12     | Noticed Nessos
 24403 | D:12     | Killed Nessos
 25203 | D:13     | Noticed Josephine
 25212 | D:13     | Killed Josephine
 25232 | D:13     | Received a gift from Trog
 25427 | D:13     | Noticed Snorg
 25436 | D:13     | Killed Snorg
 25700 | D:13     | Noticed Lodul
 25711 | D:13     | Killed Lodul
 25807 | D:13     | Found a gateway to a bazaar.
 26135 | D:13     | Noticed Azrael
 26161 | D:13     | Killed Azrael
 26181 | D:13     | Reached XP level 16. HP: 84/159 MP: 15/15
 26198 | D:13     | Found a gate to the Vaults.
 26481 | Bazaar   | Entered a bazaar
 26481 | Bazaar   | Found Vawnumin's Jewellery Shop.
 26484 | Bazaar   | Found Ossius's Distillery.
 26492 | Bazaar   | Found Dacvost's Jewellery Boutique.
 26501 | Bazaar   | Found Ninun's Magic Scroll Boutique.
 26541 | Bazaar   | Found Iji Ylab's Weapon Shop.
 26727 | Orc:2    | Bought the +2 shield of Resistance {rF++ rC++ Will++} for
                  | 2115 gold pieces
 26727 | Orc:2    | Found the +2 shield of Resistance {rF++ rC++ Will++}
 27364 | D:14     | Received a gift from Trog
 27391 | D:14     | Found an ornate altar of the Wu Jian Council.
 27953 | D:15     | Entered Level 15 of the Dungeon
 28717 | D:15     | Found Osmag's Magic Scroll Shop.
 28794 | D:15     | Found a staircase to the Depths.
 29114 | Snake:1  | Entered Level 1 of the Snake Pit
 29267 | Snake:1  | Noticed Aizul
 29282 | Snake:1  | Killed Aizul
 29466 | Snake:1  | Found Xyckiz's Distillery.
 30175 | Snake:1  | Noticed Roxanne
 30215 | Snake:1  | Killed Roxanne
 30851 | Snake:2  | HP: 7/162 [salamander/+2 trident (4)]
 30851 | Snake:2  | HP: 3/162 [salamander/+2 trident (4)]
 30851 | Snake:2  | HP: 1/162 [salamander/+0 trident (2)]
 30851 | Snake:2  | Slain by a salamander

Illustrated notes

Levels and vault maps discovered:
D:1:      dpeg_arrival_pond, layout_rooms, shapermc_ecumenical_altar_mp_vishouse
D:2:      layout_basic, basic_altar
D:3:      cheibrodos_thug_alley, layout_basic, kennysheep_vampire_church,
          old_standard_altar, minitemple, kennysheep_potato,
          uniq_crazy_yiuf_cottage
D:4:      layout_basic, portal_sewer_entry_e, kennysheep_crisscross,
          minmay_misc_feat_columns, uniq_eustachio
D:5:      layout_loops_ring, temple_fountains, serial_shops, shop
D:6:      layout_cave_pools, minmay_ogre_servants, uniq_blork_the_orc
D:7:      layout_loops_corners, nicolae_ru_path_of_blood
D:8:      layout_loops_ring, serial_ice, serial_ice_h, serial_ice_n,
          serial_ice_a, serial_ice_j, serial_ice_o, serial_ice_e,
          enter_bailey_7, wad_mini_maze
D:9:      nzn_winding_woodlands_three_and_one
          [nzn_winding_woodlands_5x15_jagged,
          nzn_winding_woodlands_5x15_river_crossing,
          nzn_winding_woodlands_5x15_zeroes,
          nzn_winding_woodlands_center_diamonds], layout_gridville,
          lair_entry_dummy, roderic_lattice_a
D:10:     gammafunk_mikee_crab_dinner, layout_basic, david_orc_1_choice
D:11:     layout_cross, serial_shops, shop, uniq_erolcha
D:12:     wander_kiku_kobolds, layout_loops_ring, uniq_nessos, uniq_kirke
D:13:     layout_basic, david_vaults_5, serial_shops, bzr_entry_safe,
          minmay_misc_feat_nine_boxes, uniq_azrael, uniq_snorg, uniq_lodul,
          uniq_josephine
D:14:     layout_layer_cave, nicolae_wu_jian_wuxing_cycle
D:15:     grunt_enter_depths_hoard, layout_gridville, serial_shops,
          nicolae_shop_rolled_up
Lair:1:   layout_cellular_growth, grunt_megastairs_2, uniq_maggie
Lair:2:   layout_hall_layers, palyth_hydra_swamp_entry,
          minmay_snake_entry_guardpost_small
Lair:3:   pond_and_an_island_with_a_cottage, layout_gridlike,
          grunt_forest_stairs_clearing
Lair:4:   dreamdust_isle_of_ice, layout_regular_city,
          minmay_slime_entry_pillars, fungi_pond_lemuel,
          nicolae_lair_time_for_slime
Lair:5:   hangedman_lair_caniforms_friends, layout_hall_layers, wormcave,
          nicolae_volcano_entry_two_sided
Snake:1:  layout_grid_maze, serial_shops, nicolae_shop_pleasant_corner_grove,
          uniq_roxanne, uniq_aizul
Snake:2:  gammafunk_sealed_library, layout_misc_corridors,
          gammafunk_ghost_berserking_beasts, grunt_ministairs_11,
          nicolae_snake_salamander_zone
Orc:1:    minmay_goldmine, layout_diamond_mine,
          portal_ice_cave_entry_animals_and_master, serial_shops, shop
Orc:2:    st_orc_ogre_mass, layout_diamond_mine

Skill      XL: |  1  2  3  4  5  6  7  8  9 10 11 12 13 14 15 16 |
---------------+-------------------------------------------------+-----
Axes           | 4 5 6 7 9 10 12 13 14 | 14.0
Fighting       | 4 5 6 8 9 10 12 13 15 17 18 19 | 19.9
Armour         | 3 4 5 6 7 9 10 12 13 15 16 18 19 | 19.7
Shields        | 1 2 3 4 5 6 8 10 11 13 14 16 18 19 | 19.4
Dodging        | |  2.1

Action                     |  1- 3 |  4- 6 |  7- 9 | 10-12 | 13-15 | 16-18 || total
---------------------------+-------+-------+-------+-------+-------+-------++-------
  Melee: Hand axe          |    74 |   138 |    38 |       |       |       ||   250
         Headbutt          |    11 |    16 |    28 |    85 |   327 |    83 ||   550
         Broad axe         |       |       |   180 |   348 |  1221 |   314 ||  2063
         Morningstar       |       |       |       |    73 |    41 |       ||   114
  Throw: Throwing net      |       |       |       |     3 |       |       ||     3
 Invoke: Berserk           |       |     1 |     1 |     6 |     3 |       ||    11
         Brothers in Arms  |       |       |       |     5 |     3 |       ||     8
         Trog's Hand       |       |       |       |     2 |       |       ||     2
    Use: Scroll            |       |     6 |    12 |     6 |    10 |       ||    34
         Potion            |       |       |     1 |     2 |     6 |     2 ||    11
   Stab: Sleeping          |     1 |       |       |       |       |       ||     1
 Armour: Animal skin       |     4 |       |       |       |       |       ||     4
         Ring mail         |    27 |    52 |    12 |       |       |       ||    91
         Plate armour      |       |       |   175 |   328 |   929 |   177 ||  1609
         Skin              |       |       |       |       |     2 |       ||     2
  Dodge: Dodged            |    39 |    80 |   116 |   146 |   456 |   104 ||   941
  Block: Buckler           |       |    28 |    75 |    26 |       |       ||   129
         Kite shield       |       |       |       |   303 |  1254 |   460 ||  2017
         Reflection        |       |       |       |       |    14 |    62 ||    76

Table legend: (Time is in decaauts)
 A = Elapsed time spent in this place.
 B = Non-inter-level travel time spent in this place.
 C = Inter-level travel time spent in this place.
 D = Time resting spent in this place.
 E = Time spent auto-exploring this place.
 F = Levels seen in this place.
 G = Mean time per level.
                   A        B        C        D        E       F      G
               +--------+--------+--------+--------+--------+-----+--------+
         Total |  31254 |  29783 |   1471 |   8846 |  12460 |  28 | 1116.2 |
       Dungeon |  15634 |  14799 |    835 |   2406 |   8914 |  15 | 1042.3 |
          Lair |   9513 |   9176 |    337 |   3647 |   2529 |   5 | 1902.6 |
     Snake Pit |   1724 |   1684 |     40 |    837 |    439 |   2 |  862.0 |
  Orcish Mines |   2274 |   2017 |    257 |    775 |    471 |   2 | 1137.0 |
        Bazaar |     98 |     98 |      0 |      0 |     24 |   1 |   98.0 |
         Sewer |    203 |    203 |      0 |     83 |     14 |   1 |  203.0 |
        Bailey |    592 |    592 |      0 |    354 |     67 |   1 |  592.0 |
      Ice Cave |   1212 |   1212 |      0 |    742 |      0 |   1 | 1212.0 |
               +--------+--------+--------+--------+--------+-----+--------+

Top non-repeatable levels by time:
  Lair:5: 3084 daAuts
  Lair:3: 2114 daAuts
  Lair:4: 1980 daAuts
     D:8: 1778 daAuts
 Snake:1: 1700 daAuts
    D:13: 1658 daAuts
  Lair:2: 1396 daAuts
   Orc:1: 1306 daAuts
     D:9: 1262 daAuts
     D:3: 1250 daAuts
   IceCv: 1212 daAuts
     D:7: 1064 daAuts
    D:15: 1025 daAuts
    D:12: 1025 daAuts
     D:4: 980 daAuts
